 Dungeon Crawl Stone Soup version 0.22-b1-59-g0aedee7 (webtiles) character file.

202 Larett the Grave Robber (level 5, -1/38 HPs)
             Began as a Ghoul Necromancer on Aug 9, 2018.
             Slain by an orc
             ... wielding a +0 flail
              (4 damage)
             ... on level 3 of the Dungeon.
             The game lasted 00:14:51 (4925 turns).

Larett the Grave Robber (Ghoul Necromancer)         Turns: 4925, Time: 00:14:52

Health: -1/38      AC:  3    Str: 12    XL:     5   Next: 80%
Magic:  3/9        EV: 12    Int: 11    God:
Gold:   147        SH:  0    Dex:  9    Spells: 6/11 levels left

rFire    . . .     SeeInvis .   a - +0 dagger
rCold    + . .     Gourm    .   (no shield)
rNeg     + + +     Faith    .   g - +0 robe
rPois    ∞         Spirit   .   (no helmet)
rElec    .         Reflect  .   t - +0 cloak
rCorr    .         Harm     .   (no gloves)
MR       .....                  (no boots)
Stlth    ++........             (no amulet)
HPRegen  0.00/turn              (no ring)
MPRegen  0.11/turn              (no ring)

@: very slightly contaminated, rotting
A: rotting body, claws 1, carnivore, cold resistance 1, negative energy
resistance 3, inhibited regeneration, torment resistance, unbreathing
a: no special abilities


You were on level 3 of the Dungeon.
You were not hungry.

You visited 1 branch of the dungeon, and saw 4 of its levels.

You collected 147 gold pieces.

Inventory:

Hand Weapons
 a - a +0 dagger (weapon)
 b - a +0 hunting sling
 y - a +2 dagger of draining
 z - a cursed -1 dagger
 G - a +0 war axe
Missiles
 d - 91 arrows
 h - 41 sling bullets
 n - 17 poisoned needles
 p - 161 stones (quivered)
 r - 6 tomahawks
 F - 44 bolts
Armour
 g - a +0 robe (worn)
 t - a +0 cloak (worn)
Wands
 v - a wand of flame (9)
Scrolls
 e - 2 scrolls of fog
 j - a scroll of enchant weapon {unknown}
 q - a scroll of fear {unknown}
 u - a scroll of remove curse
 A - a scroll of immolation {unknown}
Potions
 l - 2 potions of curing
 m - a potion of invisibility
 w - a potion of heal wounds
 B - a potion of cancellation
 C - a potion of mutation {unknown}
 E - a potion of brilliance {unknown}
Comestibles
 c - 4 rations


   Skills:
 - Level 1.7 Dodging
 - Level 2.1 Stealth
 + Level 3.6 Spellcasting
 + Level 5.6 Necromancy


You had 6 spell levels left.
You knew the following spells:

 Your Spells              Type           Power        Failure   Level  Hunger
a - Pain                  Necr           ##..         2%          1    #......
b - Animate Skeleton      Necr           N/A          2%          1    #......
v - Vampiric Draining     Necr           ##........   8%          3    ###....

Your spell library contained the following spells:

 Spells                   Type           Power        Failure   Level  Hunger
 Animate Dead             Necr           N/A          24%         4    #####..
 Regeneration             Chrm/Necr      #.........   24%         3    ###....


Dungeon Overview and Level Annotations

Branches:
Dungeon (4/15)
 Temple: D:4-7

Altars:
Gozag


Innate Abilities, Weirdness & Mutations

Your body is rotting away.
You thrive on raw meat.
You are immune to poison.
You have sharp fingernails.
You are carnivorous and can eat meat at any time.
Your flesh is cold resistant. (rC+)
You are immune to negative energy. (rN+++)
You do not regenerate when monsters are visible.
You are immune to unholy pain and torment.
You can survive without breathing.


Message History

You hit the orc but do no damage. The orc hits you with a flail.
* * * LOW HITPOINT WARNING * * *
You closely miss the orc. The orc closely misses you.
Casting: Pain (safe; 2% risk of failure)
Confirm with . or Enter, or press ? or * to list all spells.
Aiming: Vampiric Draining (safe; 8% risk of failure)
Press: ? - help, Shift-Dir - straight line, f - orc
Aim: an orc, wielding a flail and wearing a ring mail The orc is severely wounded.
You feel life coursing into your body. The orc hits you with a flail.
* * * LOW HITPOINT WARNING * * *
Casting: Vampiric Draining (safe; 8% risk of failure)
Confirm with . or Enter, or press ? or * to list all spells.
Aiming: Vampiric Draining (safe; 8% risk of failure)
Press: ? - help, Shift-Dir - straight line, f/p - orc
Aim: an orc, wielding a flail and wearing a ring mail (severely wounded)
You miscast Vampiric Draining.
You are very lightly contaminated with residual magic.
Strange energies run through your body. The orc hits you with a flail.
You die...

##...###.# #####.#########....
#####....#.####..........<.......
..####..........##..#########....
#.......#...###....## ##.#..
###........###..#### ###.....
....###........## #...###. #####
###.....## #.#.###. #.....####
#...#... #########)......@###
##.....#.
#...#.......##...o.######....###.
......###.####.).#.##.........)#.
......# #.# #...............<.##
.###..###.######.##............##
####...##.#.........#..........##
# #..#.##.######.#####....#######
#.##....# ##.#####.##.####...
#.###..######............##..##


You could see an orc.

Vanquished Creatures
  An orc priest (D:3)
  An orc wizard (D:2)
  A gnoll (D:1)
  5 adders
  An ooze (D:3)
  An adder skeleton (D:4)
  A worm (D:3)
  A dart slug (D:1)
  3 leopard geckos
  8 orcs
  2 giant cockroaches (D:2)
  8 goblins
  8 hobgoblins
  A jackal (D:2)
  6 kobolds
  3 quokkas
  A ball python (D:2)
  6 bats
  A frilled lizard (D:2)
  9 rats
68 creatures vanquished.

Vanquished Creatures (collateral kills)
  A goblin (D:1)
  2 hobgoblins
  A jackal (D:2)
  A kobold (D:2)
5 creatures vanquished.

Grand Total: 73 creatures vanquished

Notes
Turn   | Place    | Note
-------+----------+-------------------------------------------
     0 | D:1      | Larett the Ghoul Necromancer began the quest for the Orb.
     0 | D:1      | Reached XP level 1. HP: 14/14 MP: 2/2
    20 | D:1      | Learned a level 1 spell: Animate Skeleton
   469 | D:1      | Reached XP level 2. HP: 20/20 MP: 0/4
   998 | D:1      | Reached XP level 3. HP: 18/26 MP: 1/5
  1550 | D:2      | Found an opulent altar of Gozag.
  1639 | D:2      | Learned a level 3 spell: Vampiric Draining
  1956 | D:2      | HP: 3/26 [orc wizard/magic dart (4)]
  2269 | D:2      | Reached XP level 4. HP: 16/33 MP: 7/7
  2598 | D:2      | Reached skill level 3 in Spellcasting
  2598 | D:2      | Reached skill level 5 in Necromancy
  3463 | D:3      | HP: 3/33 [orc priest/divine providence (13)]
  3733 | D:3      | Reached XP level 5. HP: 24/38 MP: 2/9
  4922 | D:3      | HP: 3/38 [orc/flail (4)]
  4925 | D:3      | Slain by an orc

Skill      XL: |  1  2  3  4 |
---------------+-------------+-----
Spellcasting   | 2 3 |  3.6
Necromancy     | 5 |  5.6
Dodging        | |  1.7
Stealth        | |  2.1

Action                   |  1- 3 |  4- 6 || total
-------------------------+-------+-------++-------
Melee: Dagger            |    78 |   192 ||   270
 Fire: Hunting sling     |       |    28 ||    28
 Cast: Pain              |    40 |    18 ||    58
       Animate Skeleton  |     5 |     1 ||     6
       Vampiric Draining |       |     4 ||     4
  Use: Scroll            |       |     6 ||     6
 Stab: Sleeping          |     2 |     1 ||     3
  Eat: Chunk             |    11 |    13 ||    24
Armor: Robe              |    17 |    41 ||    58
Dodge: Dodged            |    65 |   156 ||   221
